 Dungeon Sprint DCSS version 0.30-a0-711-gf4ac18a38d (webtiles) character file.

Game seed: 9958003016930100093

41374 mhtbhm the Cutthroat (level 14, -3/114 HPs)
             Began as a Kobold Berserker on Jan 22, 2023.
             Was the Champion of Trog.
             Killed from afar by a shock serpent (27 damage)
             ... with a bolt of electricity
             ... in the Dungeon (Sprint IX: "|||||||||||||||||||||||||||||").
             The game lasted 00:09:35 (4447 turns).

mhtbhm the Cutthroat (Kobold Berserker)             Turns: 4447, Time: 00:09:36

Health: -3/114     AC: 14    Str: 19    XL:     14   Next: 49%
Magic:  23/23      EV: 24    Int:  9    God:    Trog [******]
Gold:   141        SH:  0    Dex: 12    Spells: 13/13 levels left

rFire   . . .      SeeInvis .    a - +3 quick blade
rCold   + . .      Faith    +    (no shield)
rNeg    . . .      Spirit   .    b - +0 acid dragon scales
rPois   +          Reflect  .    k - +1 helmet
rElec   .          Harm     .    t - +0 cloak
rCorr   +          Rampage  .    (no gloves)
Will    +....      NoTele   +    j - +0 pair of boots
Stlth   ++++++                   u - amulet "Kaudgha Ylitt" {Faith MP+9 Dex-2 Slay+3}
HPRegen 0.39/turn                A - ring of poison resistance
MPRegen 0.18/turn                B - ring of protection from cold

@: on berserk cooldown, slowed, very slow
A: small, no large weapons, nightstalker 3
a: Renounce Religion, Berserk, Trog's Hand, Brothers in Arms


You were in the Dungeon.
You worshipped Trog.
Trog was exalted by your worship.
You visited 1 branch You collected 1908 gold pieces.
You spent 1767 gold pieces at shops.

Inventory:

Hand Weapons
 a - a +3 quick blade (weapon)
Armour
 b - +0 acid dragon scales (worn)
 j - a +0 pair of boots (worn)
 k - a +1 helmet (worn)
 t - a +0 cloak (worn)
Jewellery
 u - the amulet "Kaudgha Ylitt" (around neck) {Faith MP+9 Dex-2 Slay+3}
   (You bought it in a shop in the Dungeon)

   [amulet of faith]

   It allows you to gain divine favour quickly.
   Dex:       It affects your dexterity (-2).
   Slay:      It affects your accuracy & damage with ranged weapons and melee
   (+3).
   MP:        It affects your magic capacity (+9).
 y - the amulet "Fyucuf" {RegenMP Fragile rElec Str+7}
   (You bought it in a shop in the Dungeon)

   [amulet of magic regeneration]

   It increases your rate of magic regeneration.
   Str:       It affects your strength (+7).
   rElec:     It insulates you from electricity.
   Fragile:   It will be destroyed if unequipped.
 A - a ring of poison resistance (left hand)
 B - a ring of protection from cold (right hand)
Scrolls
 h - a scroll of blinking
 q - 2 scrolls of fog
 r - 4 scrolls of enchant armour
 s - 4 scrolls of enchant weapon
 x - a scroll of poison {unknown}
 z - a scroll of fear
Potions
 c - a potion of invisibility
 d - 6 potions of heal wounds
 e - 3 potions of curing
 f - 4 potions of magic
 g - a potion of berserk rage
 i - a potion of lignification {unknown}
 l - 2 potions of mutation
 m - a potion of resistance
 n - a potion of haste
 o - a potion of might
 w - a potion of attraction {unknown}


   Skills:
 + Level 23.0 Fighting
 + Level 25.8 Short Blades
 + Level 10.8 Armour
 + Level 21.7 Dodging
 + Level 12.4 Stealth
 + Level 7.7 Evocations


You had 13 spell levels left.
You didn't know any spells.
Your spell library was empty.

Dungeon Overview and Level Annotations

Branches:
Dungeon (1/1)

Altars:
Cheibriados
Dithmenos
Elyvilon
Fedhas
Gozag
Hepliaklqana
Kikubaaqudgha
Makhleb
Nemelex Xobeh
Okawaru
Qazlal
Ru
Sif Muna
Trog
Uskayaw
Vehumet
Wu Jian
Xom
Yredelemnul
Zin
The Shining One
Jiyva
Lugonu

Shops:
D *=[*


Innate Abilities, Weirdness & Mutations

You are small and have problems with some larger weapons.
You are completely attuned to the shadows.


Message History

You start resting.
A shock serpent comes into view.
A shock serpent is nearby!
A shock serpent is nearby!
What are your orders? t - Shout!
Orders for allies: a - Attack new target. r - Retreat! s - Stop attacking. g - Guard the area. f - Follow me.
Anything else - Cancel.
Gang up on whom?
Press: ? - help, Dir - move target, f - shock serpent
Aim: a shock serpent Attack!
Your deep troll is no longer berserk.
Your deep troll closely misses the shock serpent.
Your deep troll claws the shock serpent!
The shock serpent's electric aura discharges, shocking your deep troll!
Your deep troll completely misses the shock serpent.
The shock serpent barely misses your deep troll.
Your deep troll bites the shock serpent!!
The shock serpent's electric aura discharges, shocking your deep troll!
Your deep troll closely misses the shock serpent. x2
The shock serpent bites your deep troll!
The shock serpent shocks your deep troll!
Your deep troll dies!
Your deep troll's corpse disappears in a puff of smoke!
Unknown command.
The shock serpent misses you.
Unknown command.
You miss the shock serpent.
The shock serpent is heavily wounded.
The shock serpent completely misses you.
You puncture the shock serpent!
The shock serpent is severely wounded.
The shock serpent's electric aura discharges, shocking you!
* * * LOW HITPOINT WARNING * * *
The shock serpent shoots out a bolt of lightning at you!
The bolt of electricity hits you!!
You die...

,*,*,*,*,*,*,*,▓.▓.▓[▓.▓.▓.▓.▓.▓_
,*,*,*,*,*,*,*,♣'♣.▓[▓.▓.▓.▓.▓.▓_
,*,*,*,*,*,*,*,♣.♣.▓[▓.▓.▓.▓.▓.▓_
,*,*,*,*,*,*,*,♣.♣.▓[▓.▓)▓.▓)▓.▓_
,*,*,*,*,*,*,*,♣÷♣.▓[▓.▓)▓.▓.▓.▓_
,*,*,*,*,*,*,*,♣.♣.▓[▓.▓)▓.▓.▓.▓_
,*,*,*,*,*,*,*,♣)♣.▓[▓.▓)▓.▓†▓.▓_
,*,*,*,*,*,*,*,♣÷♣.▓[▓.▓)▓.▓'▓.▓_
,*,*,*,*,*,*,*,♣@♣.▓.▓.▓)▓.▓†▓.▓_
,*,*,*,*,*,*,*,♣S♣.▓.▓.▓)▓)▓.▓.▓_
,*,*,*,*,*,*,*,♣.♣.▓.▓.▓)▓)▓.▓.▓_
,*,*+*,*,*,*,*,▓)▓.▓.▓.▓)▓.▓.▓.▓_
+*,*,*,*,*,*+*,▓)▓.▓.▓.▓)▓.▓.▓.▓_
,*,*,*,*,*,*,*,▓)▓.▓)▓.▓)▓.▓.▓.▓_
,*,*,*,*,*,*,*,▓.▓.▓)▓.▓.▓.▓.▓.▓_
,*,*,*,*,*,*,*,▓§▓.▓)▓.▓.▓.▓.▓.▓_
,*,*,*,*,*,*,*,▓.▓.▓†▓.▓'▓.▓.▓.▓_


You could see a shock serpent.

Vanquished Creatures
  Rupert (D)
  Aizul (D)
  2 stone giants (D)
  Azrael (D)
  2 ettins (D)
  A fire dragon (D)
  A merfolk javelineer (D)
  Erolcha (D)
  3 hydras (D)
  2 catoblepae (D)
  A centaur warrior (D)
  A ghost crab (D)
  A rakshasa (D)
  A two-headed ogre (D)
  3 death yaks (D)
  An orc high priest (D)
  A shock serpent (D)
  2 goliath frogs (D)
  A sea snake (D)
  A deep elf pyromancer (D)
  5 orc knights (D)
  2 orc sorcerers (D)
  4 ugly things (D)
  A harpy (D)
  A cyclops (D)
  A will-o-the-wisp (D)
  A merfolk siren (D)
  2 black mambas (D)
  A naga mage (D)
  A rime drake (D)
  4 cane toads (D)
  A kobold demonologist (D)
  A tengu conjurer (D)
  A meliai (shapeshifter) (D)
  A merfolk (D)
  2 blink frogs (D)
  A snapping turtle (D)
  A slime creature (D)
  A shadow (D)
  A wyvern (D)
  4 yaks (D)
  A fire elemental (D)
  4 vampire mosquitoes (D)
  2 acid dragons (D)
  5 hell hounds (D)
  A water moccasin (D)
  10 orc warriors (D)
  A black bear (D)
  2 centaurs (D)
  4 bullfrogs (D)
  A jelly (D)
  2 orc priests (D)
  2 iguanas (D)
  4 orc wizards (D)
  A dart slug (D)
  6 orcs (D)
  A goblin (D)
  A hobgoblin (D)
  A ball python (D)
  A rat (D)
115 creatures vanquished.

Vanquished Creatures (collateral kills)
  A fire giant (D)
  A nagaraja (D)
  A merfolk impaler (D)
  A catoblepas (D)
  A death yak (D)
  A naga sharpshooter (D)
  A shock serpent (D)
  A skeletal warrior (D)
  6 orc knights (D)
  A manticore (D)
  A black mamba (D)
  A water nymph (D)
  An efreet (D)
  A dream sheep (D)
  A naga (D)
  2 orc warriors (D)
22 creatures vanquished.

Grand Total: 137 creatures vanquished

Notes
Turn   | Place    | Note
-------+----------+-------------------------------------------
     0 | D        | mhtbhm the Kobold Berserker began the quest for the Orb.
     0 | D        | Reached XP level 1. HP: 14/14 MP: 1/1
    20 | D        | Reached ** piety under Trog
    30 | D        | Reached skill level 5 in Short Blades
    30 | D        | Reached XP level 2. HP: 12/20 MP: 2/2
    74 | D        | Reached skill level 5 in Fighting
    74 | D        | Reached skill level 6 in Short Blades
    74 | D        | Reached XP level 3. HP: 26/26 MP: 3/3
    75 | D        | Noticed a centaur
    76 | D        | Reached *** piety under Trog
    77 | D        | Reached skill level 7 in Short Blades
    77 | D        | Reached XP level 4. HP: 32/32 MP: 4/4
    80 | D        | Reached skill level 8 in Short Blades
   114 | D        | Killed a centaur
   115 | D        | Reached skill level 9 in Short Blades
   115 | D        | Reached skill level 5 in Dodging
   115 | D        | Reached XP level 5. HP: 10/39 MP: 5/5
   118 | D        | Found a snail-covered altar of Cheibriados.
   118 | D        | Found a shadowy altar of Dithmenos.
   119 | D        | Found a white marble altar of Elyvilon.
   120 | D        | Found a blossoming altar of Fedhas.
   121 | D        | Found an opulent altar of Gozag.
   122 | D        | Found a hazy altar of Hepliaklqana.
   123 | D        | Found a viscous altar of Jiyva.
   124 | D        | Found an ancient bone altar of Kikubaaqudgha.
   125 | D        | Found a corrupted altar of Lugonu.
   126 | D        | Found a burning altar of Makhleb.
   127 | D        | Found a sparkling altar of Nemelex Xobeh.
   128 | D        | Found an iron altar of Okawaru.
   129 | D        | Found a stormy altar of Qazlal.
   130 | D        | Found a sacrificial altar of Ru.
   131 | D        | Found a shimmering blue altar of Sif Muna.
   132 | D        | Found a bloodstained altar of Trog.
   133 | D        | Found a hide-covered altar of Uskayaw.
   134 | D        | Found a radiant altar of Vehumet.
   135 | D        | Found an ornate altar of the Wu Jian Council.
   136 | D        | Found a shimmering altar of Xom.
   137 | D        | Found a basalt altar of Yredelemnul.
   138 | D        | Found a glowing silver altar of Zin.
   139 | D        | Found a glowing golden altar of the Shining One.
   241 | D        | Noticed a shadow
   241 | D        | Noticed a two-headed ogre
   241 | D        | Noticed a centaur
   247 | D        | Killed a shadow
   247 | D        | Noticed a kobold demonologist
   248 | D        | Reached skill level 11 in Short Blades
   248 | D        | Reached XP level 6. HP: 46/46 MP: 6/6
   251 | D        | Noticed a wyvern
   254 | D        | Killed a two-headed ogre
   254 | D        | Reached **** piety under Trog
   255 | D        | Reached skill level 14 in Short Blades
   255 | D        | Reached XP level 7. HP: 8/54 MP: 7/7
   255 | D        | Reached XP level 8. HP: 9/60 MP: 8/8
   263 | D        | Noticed a ynoxinul
   266 | D        | Killed a kobold demonologist
   266 | D        | Reached ***** piety under Trog
   267 | D        | Reached skill level 10 in Dodging
   269 | D        | Killed a wyvern
   270 | D        | Reached skill level 15 in Short Blades
   270 | D        | Reached skill level 5 in Armour
   270 | D        | Reached XP level 9. HP: 25/65 MP: 9/9
   423 | D        | Noticed a meliai
   423 | D        | Noticed a purple ugly thing
   427 | D        | Killed a meliai
   436 | D        | Noticed a purple ugly thing
   447 | D        | Killed a purple ugly thing
   448 | D        | Reached skill level 16 in Short Blades
   471 | D        | Killed a purple ugly thing
   472 | D        | Reached skill level 17 in Short Blades
   611 | D        | Reached XP level 10. HP: 48/74 MP: 10/10
   811 | D        | Noticed a black mamba
   813 | D        | Noticed a cane toad
   819 | D        | Received a gift from Trog
   828 | D        | Killed a black mamba
   834 | D        | Killed a cane toad
   840 | D        | Reached ****** piety under Trog
   851 | D        | Received a gift from Trog
   852 | D        | Reached skill level 1 in Stealth
   858 | D        | Reached skill level 18 in Short Blades
   992 | D        | Noticed a cane toad
   992 | D        | Noticed a cane toad
   997 | D        | Killed a cane toad
   998 | D        | Reached skill level 1 in Evocations
   999 | D        | Killed a cane toad
  1006 | D        | Reached skill level 15 in Fighting
  1152 | D        | Noticed a rime drake
  1158 | D        | Noticed a cane toad
  1158 | D        | Noticed a catoblepas
  1162 | D        | Killed a rime drake
  1515 | D        | Killed a catoblepas
  1516 | D        | Reached XP level 11. HP: 38/82 MP: 11/11
  1729 | D        | Noticed a death yak
  1729 | D        | Noticed a death yak
  1730 | D        | Noticed a catoblepas
  1736 | D        | Noticed a catoblepas
  1749 | D        | Noticed a death yak
  1753 | D        | Killed a catoblepas
  1753 | D        | Identified the +2 dagger "Biaf" {flame, Will+} (Trog gifted
                  | it to you in the Dungeon)
  1753 | D        | Received a gift from Trog
  1754 | D        | Reached skill level 19 in Short Blades
  1754 | D        | Reached skill level 15 in Dodging
  1754 | D        | Noticed a death yak
  1760 | D        | Killed a catoblepas
  1769 | D        | Killed a death yak
  1778 | D        | Killed a death yak
  1780 | D        | Killed a death yak
  1783 | D        | Killed a death yak
  1805 | D        | Reached skill level 20 in Short Blades
  2018 | D        | Noticed Erolcha
  2031 | D        | Killed Erolcha
  2031 | D        | Received a gift from Trog
  2109 | D        | Noticed a stone giant
  2112 | D        | Reached XP level 12. HP: 92/92 MP: 12/12
  2124 | D        | Killed a stone giant
  2130 | D        | Noticed an orc high priest
  2141 | D        | Received a gift from Trog
  2157 | D        | Killed an orc high priest
  2158 | D        | Reached skill level 5 in Stealth
  2262 | D        | Received a gift from Trog
  2300 | D        | Noticed a sun demon
  2322 | D        | Received a gift from Trog
  2340 | D        | Reached skill level 21 in Short Blades
  2508 | D        | Found Qemi's Assorted Antiques.
  2524 | D        | Received a gift from Trog
  2529 | D        | Reached skill level 10 in Armour
  2671 | D        | Found Rocanape's Jewellery Shoppe.
  2674 | D        | Found Mucseck's Armour Emporium.
  2676 | D        | Found Ybas's General Store.
  2716 | D        | Reached XP level 13. HP: 57/101 MP: 13/13
  2871 | D        | Bought the amulet "Kaudgha Ylitt" {Faith MP+9 Dex-2 Slay+3}
                  | for 965 gold pieces
  2875 | D        | Bought a potion of heal wounds for 60 gold pieces
  2881 | D        | Bought a scroll labelled FEAZIM JIEL for 18 gold pieces
  2881 | D        | Bought an orange potion for 16 gold pieces
  2881 | D        | Bought a scroll labelled TAIJEU HUEMEI for 18 gold pieces
  2883 | D        | Bought the amulet "Fyucuf" {RegenMP Fragile rElec Str+7}
                  | for 690 gold pieces
  3052 | D        | Found the +10 Black Knight's barding {ponderous, rPois rN+}
  3099 | D        | Noticed a centaur warrior
  3104 | D        | Reached skill level 22 in Short Blades
  3122 | D        | Killed a centaur warrior
  3122 | D        | Received a gift from Trog
  3153 | D        | Noticed a rakshasa
  3167 | D        | Killed a rakshasa
  3167 | D        | Received a gift from Trog
  3325 | D        | Noticed a fire dragon
  3327 | D        | Noticed a stone giant
  3333 | D        | Noticed an ettin
  3348 | D        | Noticed an ettin
  3349 | D        | Killed a stone giant
  3350 | D        | Reached skill level 10 in Stealth
  3350 | D        | Noticed a fire giant
  3366 | D        | HP: 4/102 [fire giant/bolt of fire (15)]
  3367 | D        | Killed a fire giant
  3368 | D        | Reached skill level 23 in Short Blades
  3368 | D        | Reached skill level 5 in Evocations
  3376 | D        | Killed an ettin
  3393 | D        | Killed an ettin
  3395 | D        | Killed a fire dragon
  3599 | D        | Noticed Azrael
  3623 | D        | Received a gift from Trog
  3636 | D        | Killed Azrael
  3791 | D        | Noticed Rupert
  3795 | D        | Killed Rupert
  3796 | D        | Reached skill level 24 in Short Blades
  3833 | D        | Noticed Aizul
  3853 | D        | Killed Aizul
  3853 | D        | Identified the +1 dagger of Uncertain Death {antimagic,
                  | Dex+2} (Trog gifted it to you in the Dungeon)
  3853 | D        | Received a gift from Trog
  3965 | D        | Noticed a merfolk javelineer
  3980 | D        | Noticed a merfolk impaler
  3985 | D        | Killed a merfolk javelineer
  3988 | D        | Received a gift from Trog
  3989 | D        | Reached XP level 14. HP: 107/111 MP: 14/14
  4007 | D        | Received a gift from Trog
  4187 | D        | Reached skill level 25 in Short Blades
  4220 | D        | Received a gift from Trog
  4392 | D        | Noticed a nagaraja
  4399 | D        | Received a gift from Trog
  4421 | D        | Killed a nagaraja
  4447 | D        | Killed from afar by a shock serpent

Illustrated notes

Levels and vault maps discovered:
D:        linesprint [early_d, line_temple, items_1, d_10, items_2, lair_1,
          lair_end, items_3, orc_1, orc_end, items_4, d_15, swamp_1, shoals_1,
          snake_1, spider_1, d_20, vaults_1, items_5, swamp_end, shoals_end,
          snake_end, spider_end, vaults_end, d_27, items_6, zot_1, zot_end,
          crypt_end, forest_end, elf_end, slime_end, tomb_end, abyss_end,
          pan_hell_end]

Skill      XL: |  1  2  3  4  5  6  7  8  9 10 11 12 13 14 |
---------------+-------------------------------------------+-----
Fighting       | 4 5 6 7 9 11 12 13 15 17 19 21 23 | 23.0
Short Blades   | 5 6 7 9 11 14 15 17 18 20 21 24 25 | 25.8
Armour         | 2 3 4 5 6 8 9 10 | 10.8
Dodging        | 3 5 7 9 10 12 14 16 18 20 21 | 21.7
Stealth        | 2 4 8 11 12 | 12.4
Evocations     | 1 3 4 6 7 |  7.7

Action                     |  1- 3 |  4- 6 |  7- 9 | 10-12 | 13-15 || total
---------------------------+-------+-------+-------+-------+-------++-------
  Melee: Short sword       |    31 |    33 |       |       |    51 ||   115
         Punch             |     2 |       |       |     6 |     7 ||    15
         Rapier            |       |    12 |    70 |   319 |   133 ||   534
         Quick blade       |       |       |       |       |    73 ||    73
 Invoke: Berserk           |     1 |     1 |     1 |     8 |     8 ||    19
         Brothers in Arms  |       |       |       |     5 |     6 ||    11
  Evoke: Wand              |       |       |     1 |     4 |     5 ||    10
    Use: Potion            |       |     3 |     1 |     3 |     2 ||     9
         Scroll            |       |       |       |     1 |     3 ||     4
   Stab: Sleeping          |       |       |       |     3 |     3 ||     6
 Armour: Animal skin       |     1 |     2 |       |       |       ||     3
         Scale mail        |       |       |    13 |       |       ||    13
         Acid dragon scale |       |       |       |    22 |    29 ||    51
  Dodge: Dodged            |    13 |    45 |    31 |   132 |   129 ||   350

Table legend: (Time is in decaauts)
 A = Elapsed time spent in this place.
 B = Non-inter-level travel time spent in this place.
 C = Inter-level travel time spent in this place.
 D = Time resting spent in this place.
 E = Time spent auto-exploring this place.
 F = Levels seen in this place.
 G = Mean time per level.
                   A        B        C        D        E       F      G
               +--------+--------+--------+--------+--------+-----+--------+
         Total |   4167 |   4167 |      0 |   2601 |    334 |   1 | 4167.0 |
       Dungeon |   4167 |   4167 |      0 |   2601 |    334 |   1 | 4167.0 |
               +--------+--------+--------+--------+--------+-----+--------+

Top non-repeatable levels by time:
       D: 4167 daAuts
